 Dungeon Crawl Stone Soup version 0.18-a0-1784-ga939a68 (webtiles) character file.

933 dobroeutro the Shield-Bearer (level 8, -7/51 HPs)
             Began as a Gargoyle Fighter on Apr 18, 2016.
             Mangled by an orc warrior
             ... wielding a +0 trident
              (16 damage)
             ... on level 5 of the Dungeon.
             The game lasted 00:09:08 (4255 turns).

dobroeutro the Shield-Bearer (Gargoyle Fighter)     Turns: 4255, Time: 00:09:09

Health: -7/51      AC: 15    Str: 22    XL:     8   Next: 11%
Magic:  8/8        EV:  8    Int:  9    God:
Gold:   308        SH: 15    Dex:  9    Spells: 0 memorised, 7 levels left

rFire  . . .     SeeInvis .     a - +0 flail
rCold  . . .     Gourm    .     b - +0 scale mail
rNeg   + . .     Faith    .     c - +0 shield
rPois  ∞         Spirit   .     (no helmet)
rElec  +         Dismiss  .     r - +0 cloak
rCorr  .         Reflect  +     (no gloves)
SustAt +         Harm     .     y - +0 pair of boots
MR     .....                    i - +5 amulet of reflection
Stlth  ..........               (no ring)
                                g - ring of sustain attributes

@: not resistant to hostile enchantments, extremely unstealthy
A: negative energy resistance 1, electricity resistance, unbreathing,
petrification resistance, rot immunity, AC +5
a: no special abilities


You were on level 5 of the Dungeon.
You were not hungry.

You visited 1 branch of the dungeon, and saw 6 of its levels.

You collected 308 gold pieces.

Inventory:

Hand Weapons
 a - a +0 flail (weapon)
Armour
 b - a +0 scale mail (worn)
 c - a +0 shield (worn)
 r - a +0 cloak (worn)
 y - a +0 pair of boots (worn)
Jewellery
 g - a ring of sustain attributes (left hand)
 i - a +5 amulet of reflection (around neck)
 s - a cursed amulet of inaccuracy {unknown}
Scrolls
 h - 7 scrolls of remove curse
 m - 5 scrolls of identify {unknown}
 n - 4 scrolls of teleportation {unknown}
 o - a scroll of blinking {unknown}
 t - 4 scrolls of recharging {unknown}
 u - a scroll of enchant armour {unknown}
 x - a scroll of fog {unknown}
Potions
 d - 3 potions of might
 e - 3 potions of cancellation
 l - 3 potions of curing
 p - 2 potions of degeneration {unknown}
 q - a potion of flight {unknown}
 v - 3 potions of mutation {unknown}
Comestibles
 f - 7 bread rations
 j - 2 beef jerkies
 k - a meat ration
 w - 8 fruits
 z - 3 chunks of flesh


   Skills:
 + Level 6.0 Fighting
 + Level 4.4 Maces & Flails
 + Level 6.0 Armour
 + Level 6.1 Shields


You had 7 spell levels left.
You didn't know any spells.

Dungeon Overview and Level Annotations

Branches:
Dungeon (6/15)
 Temple: D:4-7

Altars:
Fedhas
Makhleb
Ru
Sif Muna


Innate Abilities, Weirdness & Mutations

You are resistant to torment.
Your stone body is resilient (AC +5).
You are immune to poison.
You resist negative energy.
You are resistant to electric shocks.
You can survive without breathing.
You are immune to petrification.
You are immune to rotting.


Message History

You block the orc warrior's attack. The orc hits you but does no damage.
Drink which item? (? for menu, Esc to quit)
It was a potion of curing.
You feel better. The orc warrior closely misses you.
The orc hits you but does no damage.
You closely miss the orc warrior.
The orc warrior is moderately wounded.
You block the orc warrior's attack. The orc hits you but does no damage.
You hit the orc warrior.
The orc warrior is moderately wounded.
You block the orc's attack.
The orc warrior hits you but does no damage.
Your shield prevents you from hitting the orc warrior.
The orc warrior is moderately wounded.
You block the orc's attack.
The orc warrior hits you with a trident!!
* * * LOW HITPOINT WARNING * * *
Drink which item? (? for menu, Esc to quit)
You feel better. You block the orc's attack.
The orc warrior hits you with a trident!
You die...

# #.##....#.#
#.#.......########
#.#.........).....
#.#.(............(
#.#...............
#.#...............
#.#.##############
#o#.#.....########
#@o...............
#.......#.########
##................
##...............
##...#.#########
###......# #
##.###.# # #..<#.#
# #######.# .#


You could see an orc warrior and an orc.

Vanquished Creatures
  2 ogres
  A giant frog (D:6)
  3 scorpions (D:4)
  A crimson imp (D:5)
  An orc priest (D:4)
  A hound (D:4)
  An orc wizard (D:5)
  A centaur skeleton (D:5)
  A giant frog skeleton (D:5)
  Natasha (twice) (D:2)
  4 worker ants
  A howler monkey skeleton (D:6)
  6 adders
  A shadow imp (D:6)
  An adder skeleton (D:5)
  4 worms
  3 dart slugs
  6 giant geckos
  29 orcs
  4 giant cockroaches
  15 goblins
  7 hobgoblins
  10 jackals
  7 kobolds
  A quokka (D:2)
  A ball python (D:4)
  2 bats
  12 giant newts
  3 rats
  A bush (D:1)
132 creatures vanquished.

Notes
Turn   | Place    | Note
--------------------------------------------------------------
     0 | D:1      | dobroeutro the Gargoyle Fighter began the quest for the Orb.
     0 | D:1      | Reached XP level 1. HP: 14/14 MP: 1/1
    75 | D:1      | Reached XP level 2. HP: 4/19 MP: 2/2
   835 | D:2      | Reached XP level 3. HP: 19/23 MP: 3/3
   975 | D:2      | Noticed Natasha
  1217 | D:2      | Killed Natasha
  1217 | D:2      | Reached XP level 4. HP: 16/29 MP: 4/4
  1283 | D:2      | Noticed Natasha
  1291 | D:2      | Killed Natasha
  1303 | D:2      | Found a blossoming altar of Fedhas.
  1303 | D:2      | Found a burning altar of Makhleb.
  1304 | D:2      | Found a sacrificial altar of Ru.
  1332 | D:2      | Found a deep blue altar of Sif Muna.
  1371 | D:2      | Reached XP level 5. HP: 27/33 MP: 5/5
  2683 | D:4      | Reached XP level 6. HP: 31/39 MP: 6/6
  2969 | D:4      | Reached skill level 5 in Shields
  3037 | D:4      | Reached skill level 5 in Fighting
  3037 | D:4      | Reached skill level 5 in Armour
  3103 | D:4      | Reached XP level 7. HP: 44/44 MP: 7/7
  3508 | D:5      | Entered Level 5 of the Dungeon
  3987 | D:6      | Reached XP level 8. HP: 24/51 MP: 8/8
  4254 | D:5      | HP: 1/51 [orc warrior/trident (19)]
  4255 | D:5      | Mangled by an orc warrior

Vault maps used:
D:1:      dpeg_arrival_water_fire, serial_forest, infiniplex_forest_clump_small,
          infiniplex_forest_clump_C, infiniplex_forest_lined_room_3,
          infiniplex_forest_split, infiniplex_forest_clump_cross,
          infiniplex_forest_end_3, infiniplex_forest_clump_small
D:2:      nicolae_overflow_quartered_altars, uniq_natasha
D:3:      st_stairs_10, minmay_lizard_king
D:4:      first_bread, minmay_crystal_room
D:5:      nicolae_tso_swordbearing_angel
D:6:      lemuel_temple_firewalk, fountainhead, grunt_ministairs_10

Skill      XL: |  1  2  3  4  5  6  7  8 |
---------------+-------------------------+-----
Shields        | 4 5 6 |  6.1
Armour         | 4 5 6 |  6.0
Fighting       | 4 5 6 |  6.0
Maces & Flails | 3 4 |  4.4

Action                   |  1- 3 |  4- 6 |  7- 9 || total
-------------------------+-------+-------+-------++-------
Melee: Flail             |   180 |   363 |   164 ||   707
  Use: Scroll            |       |     1 |       ||     1
       Potion            |       |       |     3 ||     3
  Eat: Chunk             |     1 |     7 |     5 ||    13
Armor: Scale mail        |    73 |   139 |    55 ||   267
Dodge: Dodged            |    31 |    81 |    35 ||   147
Block: Shield            |   115 |   296 |   151 ||   562
       Reflection        |       |     4 |       ||     4
